 Dungeon Crawl Stone Soup version 0.31-a0-986-g5e6e4ef867 (webtiles) character file.

Game seed: 11150075032494006629

3077 Demosthentine the Trooper (level 9, -1/66 (72) HPs)
             Began as a Demonspawn Gladiator on Nov 10, 2023.
             Was an Initiate of Hepliaklqana.
             Slain by a wight
             ... wielding a +2 scimitar
              (4 damage)
             ... on level 7 of the Dungeon.
             The game lasted 00:08:28 (6273 turns).

Demosthentine the Trooper (Demonspawn Gladiator)    Turns: 6273, Time: 00:08:29

HP:   -1/66 (72)    AC: 11    Str: 17    XL:     9   Next: 58%
MP:   19/19         EV: 15    Int:  9    God:    Hepliaklqana [......]
Gold: 301           SH:  0    Dex: 17    Spells: 8/8 levels left

rFire   . . .        i - +4 trident (drain)
rCold   . . .        (no shield)
rNeg    . . .        b - +0 leather armour
rPois   +            c - +1 helmet
rElec   .            s - +2 cloak {Stlth+}
rCorr   .            (no gloves)
SInv    .            (no boots)
Will    .....        (no amulet)
Stlth   ++           m - ring of magical power
HPRegen 0.31/turn    q - ring of poison resistance
MPRegen 0.16/turn

%: no passive effects
@: marked, hasted, drained, very quick
A: claws 1, thin metallic scales 1, demonic guardian 2, deterioration 1
a: Renounce Religion


You were on level 7 of the Dungeon.
You worshipped Hepliaklqana.
Hepliaklqana was noncommittal.
You visited 2 branches of the dungeon, and saw 8 of its levels.

You collected 301 gold pieces.

Inventory:

Hand Weapons
 a - a +0 trident
 i - a +4 trident of draining (weapon)
Missiles
 e - a javelin
 r - a throwing net
Armour
 b - a +0 leather armour (worn)
 c - a +1 helmet (worn)
 s - a +2 cloak of stealth (worn)
Jewellery
 g - a +6 ring of strength
 m - a ring of magical power (left claw)
 q - a ring of poison resistance (right claw)
Wands
 d - a wand of roots (15)
Scrolls
 l - 3 scrolls of enchant armour
 t - a scroll of teleportation
Potions
 f - a potion of curing
 h - 2 potions of enlightenment
 j - 2 potions of mutation
 k - a potion of ambrosia
 n - 2 potions of might {unknown}
 p - a potion of lignification {unknown}


   Skills:
 + Level 7.0 Fighting
 + Level 6.7 Polearms
 - Level 1.7 Throwing
 - Level 5.6 Armour
 + Level 6.7 Dodging
 + Level 2.6 Invocations


You had 8 spell levels left.
You didn't know any spells.
Your spell library contained the following spells:

 Spells                   Type           Power      Damage    Failure   Level
 Apportation              Tloc           0%         N/A       43%         1
 Necrotise                Necr           0%         1d4       43%         1
 Summon Small Mammal      Summ           0%         N/A       43%         1
 Lesser Beckoning         Tloc           0%         N/A       58%         2
 Gell's Gravitas          Tloc           0%         N/A       82%         3
 Teleport Other           Tloc           0%         N/A       82%         3
 Tukima's Dance           Hex            0%         N/A       82%         3
 Passage of Golubria      Tloc           0%         N/A       99%         4
 Yara's Violent Unravell  Hex/Tmut       0%         3d3       100%        5


Dungeon Overview and Level Annotations

Branches:
Dungeon (7/15)             Temple (1/1) D:6

Altars:
Ashenzari
Dithmenos
Fedhas
Gozag
Hepliaklqana
Kikubaaqudgha
Nemelex Xobeh
Ru
Sif Muna
Trog
Uskayaw
Vehumet
Wu Jian
Xom

Shops:
D:5 :


Innate Abilities, Weirdness & Mutations

You have sharp fingernails.
You are partially covered in thin metallic scales. (AC +2)
A demonic guardian rushes to your aid.
Your body sometimes deteriorates upon taking damage.


Message History

Reach: i) +4 trident (drain)
Press: ? - help, Dir - move target, f/p - vault sentinel
Aim: a vault sentinel, wielding a +0 long sword and wearing a +0 ring mail (heavily wounded, heavily drained, ally target, about 37% to evade your +4 trident of draining)
The orc is in the way.
You puncture the orc!
You kill the orc!
The wight hits you but does no damage.
Your orange demon stings the vault sentinel but does no damage.
You miss the vault sentinel.
The vault sentinel is heavily wounded.
The wight hits you with a +2 scimitar!
A gnoll comes into view. It is wielding a +0 whip.
You completely miss the vault sentinel. Your claw misses the vault sentinel.
The vault sentinel is heavily wounded.
The vault sentinel hits you with a +0 long sword!
* * * LOW HITPOINT WARNING * * *
Your orange demon barely misses the vault sentinel.
Unknown command.
You barely miss the vault sentinel.
The vault sentinel is heavily wounded.
The wight hits you with a +2 scimitar.
* * * LOW HITPOINT WARNING * * *
You feel drained.
Your orange demon stings the vault sentinel from afar.
The vault sentinel blows a loud note on a signal horn!
You feel better. The wight hits you with a +2 scimitar!
* * * LOW HITPOINT WARNING * * *
You feel drained.
* * * LOW HITPOINT WARNING * * *
Your orange demon stings the vault sentinel from afar!
The vault sentinel closely misses you.
It was a potion of mutation.
You feel extremely strange.
You feel yourself wasting away.
Okay, then.
Unknown command.
Unknown command.
You puncture the vault sentinel!
The vault sentinel is almost dead.
A gnoll bouda comes into view. It is wielding a +0 club.
The wight hits you with a +2 scimitar.
You die... # . #S #c# #### zz#

##...#
#o#####^....
#z4.#^..^#
#@##^..# ##p#^..#
#.g'p.^# #g.#^.p#
######..##^^.#
......g...#^...#
#########.##^^...
##.####...#
######### ##...##
####


You could see a vault sentinel (very drained, ally target), a water moccasin, a
centaur, a gnoll bouda, 3 wights, 2 gnolls, an orc and a friendly orange demon
(summoned).

Vanquished Creatures
  Pikel (D:5)
  A vault sentinel (D:7)
  Jeremiah (D:6)
  Eustachio (D:4)
  A steam dragon (D:6)
  Duvessa (D:4)
  2 black bears (D:6)
  An ogre (D:6)
  A lemure (D:5)
  Blork the orc (D:4)
  A phantom (D:4)
  A bullfrog (D:5)
  2 scorpions
  5 wights (D:6)
  A howler monkey (D:7)
  5 hounds
  2 gnoll boudas
  3 orc priests (D:5)
  Crazy Yiuf (D:2)
  An iguana (D:4)
  An orc wizard (D:4)
  6 adders
  7 gnolls
  3 shadow imps
  2 white imps
  A worm (D:2)
  2 dart slugs
  17 orcs
  3 bats
  6 endoplasms
  A giant cockroach (D:3)
  4 hobgoblins
  3 quokkas
  A ball python (D:4)
  A frilled lizard (D:2)
  8 goblins
  6 kobolds
  4 rats
109 creatures vanquished.

Vanquished Creatures (collateral kills)
  A centaur (D:4)
  A wight (D:7)
  Dowan (D:4)
  An orc priest (D:4)
  A bat (D:2)
  2 hobgoblins
  A quokka (D:4)
8 creatures vanquished.

Grand Total: 117 creatures vanquished

Notes
Turn   | Place    | Note
-------+----------+-------------------------------------------
     0 | D:1      | Demosthentine the Demonspawn Gladiator began the quest for
                  | the Orb.
     0 | D:1      | Reached XP level 1. HP: 16/16 MP: 1/1
   140 | D:1      | Gained mutation: A weak demonic guardian rushes to your
                  | aid. [demonic ancestry]
   140 | D:1      | Reached XP level 2. HP: 21/22 MP: 2/2
   750 | D:2      | Reached skill level 1 in Armour
   750 | D:2      | Gained mutation: A demonic guardian rushes to your aid.
                  | [demonic ancestry]
   750 | D:2      | Reached XP level 3. HP: 15/28 MP: 3/3
   877 | D:2      | Found a blossoming altar of Fedhas.
  1388 | D:2      | Found a runed translucent door.
  1389 | D:2      | Noticed Crazy Yiuf
  1587 | D:2      | Killed Crazy Yiuf
  1588 | D:2      | Reached XP level 4. HP: 34/34 MP: 4/4
  1597 | D:2      | Identified the +7 hammer of Courage {speed, rC- Str+4}
  1840 | D:3      | Found a faded altar of an unknown god.
  2003 | D:3      | Found a shimmering altar of Xom.
  2003 | D:3      | Found a shimmering altar of Xom.
  2006 | D:3      | Found a shimmering altar of Xom.
  2006 | D:3      | Found a shimmering altar of Xom.
  2007 | D:3      | Found a shimmering altar of Xom.
  2007 | D:3      | Found a shimmering altar of Xom.
  2345 | D:4      | Noticed Eustachio
  2368 | D:4      | Killed Eustachio
  2369 | D:4      | Reached skill level 3 in Fighting
  2369 | D:4      | Reached XP level 5. HP: 41/41 MP: 5/5
  2444 | D:4      | Noticed a phantom
  2446 | D:4      | Found a broken altar of Ashenzari.
  2457 | D:4      | Killed a phantom
  2458 | D:4      | Gained mutation: You have sharp fingernails. [demonic
                  | ancestry]
  2458 | D:4      | Reached XP level 6. HP: 41/47 MP: 6/6
  2601 | D:4      | Noticed Blork the orc
  2621 | D:4      | Killed Blork the orc
  2766 | D:4      | Noticed Duvessa
  2766 | D:4      | Noticed Dowan
  2790 | D:4      | Killed Duvessa
  2791 | D:4      | Reached skill level 4 in Fighting
  2791 | D:4      | Reached XP level 7. HP: 21/54 MP: 7/7
  2797 | D:4      | Killed Dowan
  3316 | D:5      | Entered Level 5 of the Dungeon
  3776 | D:5      | Found Danoruc's Self-Improvement Boutique.
  4346 | D:5      | Found a hazy altar of Hepliaklqana.
  4587 | D:5      | Became a worshipper of Hepliaklqana the Forgotten
  4636 | D:6      | Identified the of Ganionk
  4636 | D:6      | Identified the "Nicifuis"
  4636 | D:6      | Identified the of Uvaropn
  4636 | D:6      | Noticed Jeremiah
  4917 | D:5      | Reached skill level 5 in Fighting
  4917 | D:5      | Reached skill level 5 in Polearms
  4917 | D:5      | Reached skill level 5 in Dodging
  4917 | D:5      | Reached XP level 8. HP: 51/62 MP: 8/8
  5055 | D:6      | Killed Jeremiah
  5073 | D:6      | Noticed Pikel
  5200 | D:5      | Killed Pikel
  5201 | D:5      | Reached skill level 6 in Fighting
  5201 | D:5      | Reached skill level 5 in Armour
  5368 | D:6      | Gained mutation: You are partially covered in thin metallic
                  | scales. (AC +2) [demonic ancestry]
  5368 | D:6      | Reached XP level 9. HP: 54/69 MP: 9/9
  5443 | D:6      | Found a staircase to the Ecumenical Temple.
  5661 | D:6      | Found a shimmering blue altar of Sif Muna.
  5986 | Temple   | Entered the Ecumenical Temple
  6197 | D:7      | Reached skill level 1 in Invocations
  6235 | D:7      | Noticed a vault sentinel
  6235 | D:7      | Noticed a vault sentinel
  6259 | D:7      | Killed a vault sentinel
  6264 | D:7      | Reached skill level 7 in Fighting
  6271 | D:7      | HP: 3/66 [wight/+2 scimitar (5)]
  6272 | D:7      | Gained mutation: Your body sometimes deteriorates upon
                  | taking damage. [potion of mutation]
  6273 | D:7      | Slain by a wight

Illustrated notes

Levels and vault maps discovered:
D:1:      spicycebolla_green_bress_n_ham, layout_loops_ring
D:2:      layout_loops_ring, basic_altar, uniq_crazy_yiuf_cottage
D:3:      layout_loops_ring, xom_redecorated,
          shapermc_ecumenical_altar_acropolis, minivault_4
D:4:      dreamdust_elfheim, layout_cave_pools, nicolae_ashenzari_skybound,
          nicolae_concentric_dashed_squares_wild, uniq_duvessa, uniq_eustachio,
          uniq_blork_the_orc
D:5:      layout_loops_ring, elyvilon_altar_4,
          mainiacjoe_overflow_concentric_impassable, nicolae_shop_self_help
D:6:      layout_gridville, mainiacjoe_overflow_alcove_2, temple_doors_e,
          uniq_jeremiah, uniq_pikel
D:7:      layout_loops_ring, mainiacjoe_overflow_six_doors_small,
          hangedman_abyss_or_decor_slice, nicolae_zen_rock_garden,
          hellmonk_guarded_unrand_gong
Temple:   nicolae_temple_bog_church

Skill      XL: |  1  2  3  4  5  6  7  8  9 |
---------------+----------------------------+-----
Dodging        | 3 4 5 6 |  6.7
Polearms       | 3 4 5 6 |  6.7
Armour         | 1 2 3 4 5 |  5.6
Fighting       | 3 4 5 6 7 |  7.0
Invocations    | 2 |  2.6
Throwing       | |  1.7

Action                     |  1- 3 |  4- 6 |  7- 9 || total
---------------------------+-------+-------+-------++-------
  Melee: Trident           |   111 |    95 |   323 ||   529
         Punch             |       |     1 |     3 ||     4
  Throw: Throwing net      |     2 |     2 |       ||     4
    Use: Scroll            |       |    10 |     7 ||    17
         Potion            |       |     2 |     4 ||     6
   Stab: Sleeping          |       |     3 |     6 ||     9
         Held in net/web   |       |     3 |       ||     3
         Distracted        |       |       |     2 ||     2
 Armour: Leather armour    |    43 |    61 |   170 ||   274
  Dodge: Dodged            |    58 |    68 |   212 ||   338

Table legend: (Time is in decaauts)
 A = Elapsed time spent in this place.
 B = Non-inter-level travel time spent in this place.
 C = Inter-level travel time spent in this place.
 D = Time resting spent in this place.
 E = Time spent auto-exploring this place.
 F = Levels seen in this place.
 G = Mean time per level.
                   A        B        C        D        E       F      G
               +--------+--------+--------+--------+--------+-----+--------+
         Total |   6319 |   6079 |    240 |    761 |   4250 |   8 |  789.9 |
       Dungeon |   6317 |   6077 |    240 |    761 |   4250 |   7 |  902.4 |
        Temple |      1 |      1 |      0 |      0 |      0 |   1 |    1.0 |
               +--------+--------+--------+--------+--------+-----+--------+

Top non-repeatable levels by time:
     D:5: 1578 daAuts
     D:4: 1270 daAuts
     D:2: 1005 daAuts
     D:6: 872 daAuts
     D:3: 716 daAuts
     D:1: 638 daAuts
     D:7: 235 daAuts
  Temple: 1 daAuts
